 Dungeon Crawl Stone Soup version 0.23.0-3-gf3c87f2 (webtiles) character file.

Game seed: 3064742514678276861

85 Azzok the Firebug (level 4, 0/27 HPs)
             Began as an Octopode Fire Elementalist on Feb 22, 2019.
             Slain by a worker ant (5 damage)
             ... on level 2 of the Dungeon.
             The game lasted 00:04:01 (2507 turns).

Azzok the Firebug (Octopode Fire Elementalist)      Turns: 2507, Time: 00:04:02

Health: 0/27       AC:  1    Str:  7    XL:     4   Next: 48%
Magic:  1/8        EV: 13    Int: 18    God:
Gold:   96         SH:  0    Dex: 12    Spells: 7/8 levels left

rFire    . . .     SeeInvis .   f - +3 short sword
rCold    . . .     Gourm    .   (no shield)
rNeg     . . .     Faith    .   (helmet restricted)
rPois    .         Spirit   .   (no amulet)
rElec    .         Reflect  .   (no ring)
rCorr    .         Harm     .   (no ring)
MR       .....                  (no ring)
Stlth    +++.......             (no ring)
HPRegen  0.09/turn              (no ring)
MPRegen  0.11/turn              (no ring)
                                (no ring)
                                (no ring)

@: lethally poisoned (0 -> -3)
A: almost no armour, stealthy swim, amphibious, 8 rings, constrict 8, camouflage
1, gelatinous body 1
a: no special abilities


You were on level 2 of the Dungeon.
You were not hungry.

You visited 1 branch of the dungeon, and saw 2 of its levels.

You collected 96 gold pieces.

Inventory:

Hand Weapons
 f - a +3 short sword (weapon)
Scrolls
 a - 2 scrolls of identify {unknown}
 d - a scroll of noise {unknown}
Potions
 c - a potion of haste {unknown}
 e - a potion of heal wounds {unknown}
Comestibles
 b - 3 rations
 g - 2 chunks of flesh


   Skills:
 - Level 2.0 Dodging
 - Level 2.6 Stealth
 + Level 2.9 Spellcasting
 + Level 2.4 Conjurations
 + Level 3.8 Fire Magic


You had 7 spell levels left.
You knew the following spells:

 Your Spells              Type           Power        Failure   Level  Hunger
a - Flame Tongue          Conj/Fire      ##...        4%          1    None

Your spell library contained the following spells:

 Spells                   Type           Power        Failure   Level  Hunger
 Throw Flame              Conj/Fire      ##....       7%          2    ##.....
 Conjure Flame            Conj/Fire      ##......     14%         3    ###....
 Inner Flame              Hex/Fire       #.......     22%         3    ###....
 Sticky Flame             Conj/Fire      ##......     41%         4    ####...
 Fireball                 Conj/Fire      ##........   77%         5    ######.


Dungeon Overview and Level Annotations

Branches:
Dungeon (2/15)

Altars:
Xom


Innate Abilities, Weirdness & Mutations

You cannot wear most types of armour.
You are very stealthy in the water. (Stealth+)
You are amphibious.
You can wear up to eight rings at the same time.
You can use your tentacles to constrict eight enemies at once.
Your skin changes colour to match your surroundings (Stealth+).
Your rubbery body absorbs attacks. (AC +1, EV +1)


Message History

Aiming: Flame Tongue (safe; 4% risk of failure)
Press: ? - help, Shift-Dir - straight line, f - worker ant
Aim: a worker ant The flame tongue hits the worker ant.
The worker ant is moderately wounded.
* * * LOW MAGIC WARNING * * *
You feel sick. The worker ant bites you.
Casting: Flame Tongue (safe; 4% risk of failure)
Confirm with . or Enter, or press ? or * to list all spells.
You don't have enough magic to cast that spell.
You barely miss the worker ant. Your grab misses the worker ant.
The worker ant is moderately wounded.
The worker ant bites you but does no damage.
You completely miss the worker ant. You grab the worker ant.
The worker ant is moderately wounded.
You constrict the worker ant, but do no damage.
You feel sick. The worker ant bites you!
* * * LOW HITPOINT WARNING * * *
The worker ant bites you.
You die...

▒▒▒▒▒ ▒·▒▒·▒·▒ ▒ ▒▒·▒·▒
▒··▒·▒ ▒ ▒(▒▒·▒ ▒·▒(▒▒·▒
▒▒▒ ▒··†)··▒ · ··▒
▒▒▒·▒·▒▒·▒▒▒▒▒ ···
▒·▒▒··············▒·····
·····▒▒▒··▒·····@····▒
▒(▒▒▒▒ ▒··▒···▒·▒a▒··▒
▒÷▒▒ ▒··▒·····▒····▒
···▒ ▒···>··▒·▒·▒▒▒ ···▒
▒▒·▒········
···▒▒▒▒▒▒·········▒
··················▒
···▒▒▒▒▒··▒···▒·▒·▒▒▒
··········▒·········


You could see a worker ant.

Vanquished Creatures
  2 adders (D:2)
  2 worms (D:2)
  2 dart slugs
  2 leopard geckos
  2 bats
  6 goblins
  4 hobgoblins
  10 jackals (D:1)
  3 quokkas (D:2)
  A ball python (D:1)
  3 frilled lizards (D:2)
  9 kobolds
  5 rats
51 creatures vanquished.

Notes
Turn   | Place    | Note
-------+----------+-------------------------------------------
     0 | D:1      | Azzok the Octopode Fire Elementalist began the quest for
                  | the Orb.
     0 | D:1      | Reached XP level 1. HP: 11/11 MP: 3/3
   209 | D:1      | Reached XP level 2. HP: 6/17 MP: 3/5
   740 | D:1      | Found a shimmering altar of Xom.
  1175 | D:1      | Reached XP level 3. HP: 21/21 MP: 2/6
  2169 | D:2      | Reached XP level 4. HP: 13/27 MP: 0/8
  2507 | D:2      | Slain by a worker ant

Skill      XL: |  1  2  3 |
---------------+----------+-----
Conjurations   | 2 |  2.4
Dodging        | |  2.0
Stealth        | |  2.6
Spellcasting   | |  2.9
Fire Magic     | |  3.8

Action                   |  1- 3 |  4- 6 || total
-------------------------+-------+-------++-------
Melee: Unarmed           |    28 |       ||    28
       Tentacles         |     8 |     4 ||    12
       Constrict         |     8 |     4 ||    12
       Short sword       |       |    14 ||    14
 Cast: Flame Tongue      |    62 |    17 ||    79
 Stab: Sleeping          |       |     2 ||     2
  Eat: Chunk             |     4 |     1 ||     5
Armor: Skin              |     2 |     1 ||     3
Dodge: Dodged            |    38 |    13 ||    51
